 Dungeon Crawl Stone Soup version 0.28.0-53-g5a82cb258f (webtiles) character file.

Game seed: 6948716633837676276

41 Arcadio the Skirmisher (level 3, -1/29 HPs)
             Began as a Demonspawn Abyssal Knight on June 2, 2022.
             Was a Believer of Lugonu.
             Shot with a stone by a goblin (2 damage)
             ... led by Robin
             ... on level 2 of the Dungeon.
             The game lasted 00:04:06 (1443 turns).

Arcadio the Skirmisher (Demonspawn Abyssal Knight)  Turns: 1443, Time: 00:04:08

Health: -1/29      AC:  5    Str: 15    XL:     3   Next: 32%
Magic:  3/4        EV: 11    Int: 11    God:    Lugonu [**....]
Gold:   82         SH:  0    Dex: 13    Spells: 2/2 levels left

rFire   . . .      SeeInvis +   a - +2 falchion
rCold   . . .      Faith    .   (no shield)
rNeg    . . .      Spirit   .   b - +0 leather armour
rPois   .          Reflect  .   e - +0 helmet
rElec   .          Harm     .   (no cloak)
rCorr   .          Rampage  .   f - +0 pair of gloves
Will    .....                   (no boots)
Stlth   +.........              (no amulet)
HPRegen 0.09/turn               h - ring of see invisible
MPRegen 0.09/turn               (no ring)

@: weak-willed, attractive
A: sturdy frame 1
a: Renounce Religion, Depart the Abyss, Bend Space


You were on level 2 of the Dungeon.
You worshipped Lugonu.
Lugonu was pleased with you.
You visited 1 branch of the dungeon, and saw 2 of its levels.
You visited the Abyss 1 time.

You collected 82 gold pieces.

Inventory:

Hand Weapons
 a - a +2 falchion (weapon)
Armour
 b - a +0 leather armour (worn)
 e - a +0 helmet (worn)
 f - a +0 pair of gloves (worn)
Jewellery
 h - a ring of see invisible (left hand)
Potions
 c - a potion of mutation
 d - a potion of brilliance


   Skills:
 + Level 3.5 Fighting
 + Level 2.4 Long Blades
 + Level 2.4 Armour
 - Level 0.9 Dodging
 - Level 2.4 Invocations


You had 2 spell levels left.
You didn't know any spells.
Your spell library was empty.

Dungeon Overview and Level Annotations

Branches:
Dungeon (2/15)

Altars:

Annotations:
D:2 Robin


Innate Abilities, Weirdness & Mutations

Your movements are slightly less encumbered by armour. (ER -2)


Message History

Robin closely misses you. The goblin is attracted toward you.
The goblin no longer looks unusually strong.
The hobgoblin no longer looks unusually strong.
Robin throws the goblin at you!
* * * LOW HITPOINT WARNING * * *
The goblin closely misses you. The goblin is attracted toward you. x5
The goblin is attracted toward you. x3
The goblin is attracted toward you. x2
The goblin is attracted toward you.
The goblin no longer looks unusually strong. x2
The hobgoblin no longer looks unusually strong.
The goblin is attracted toward you. x2
The goblin no longer looks unusually strong.
The goblin is attracted toward you. x4
As you read the scroll labelled MUNIEZ ZATHRO, it crumbles to dust.
Magic quickly surges around you.
It was a scroll of vulnerability.
The goblin no longer looks unusually strong.
The hobgoblin hits you but does no damage.
The goblin hits you but does no damage. Robin is attracted toward you.
The goblin unwields a +0 dagger.
The goblin wields a +0 hunting sling.
The goblin shoots a stone.
The stone closely misses you. The goblin is attracted toward you.
You barely miss the hobgoblin.
The hobgoblin hits you but does no damage.
The hobgoblin hits you.
* * * LOW HITPOINT WARNING * * *
The hobgoblin hits you but does no damage.
You hit the hobgoblin.
You kill the hobgoblin!
Lugonu accepts your kill. Robin is attracted toward you.
You aren't carrying any scrolls.
Okay, then.
You slash the goblin!
You kill the goblin!
Lugonu accepts your kill. Robin hits you but does no damage.
The hobgoblin hits you.
* * * LOW HITPOINT WARNING * * *
The goblin shoots a stone.
The stone hits you.
You die...

###....#..
......#.#
##.#....# ##
$......##..
##......#.# #
#.§ggg..#.#.#
#g.ggg.§....#
#g#'#.....#.#
#g@g###§g.#..
#####...#§..#
#..g.......
#...§.#§###
#...#.#.###
#####.#g..#
#.#gg.# #
#g#)#.##.#
#gg.#....#


You could see Robin, 2 hobgoblins and 7 goblins.

Vanquished Creatures
  A dart slug (D:1)
  6 bats (D:1)
  4 endoplasms (D:1)
  2 giant cockroaches (D:1)
  9 goblins
  4 hobgoblins
  A quokka (D:2)
  3 ball pythons (D:1)
  3 kobolds (D:1)
  2 rats (D:1)
35 creatures vanquished.

Notes
Turn   | Place    | Note
-------+----------+-------------------------------------------
     0 | Abyss:1  | Arcadio the Demonspawn Abyssal Knight began the quest for
                  | the Orb.
     0 | Abyss:1  | Reached XP level 1. HP: 18/18 MP: 2/2
    86 | Abyss:2  | Found a corrupted altar of Lugonu.
    99 | Abyss:2  | Noticed a great orb of eyes
   103 | Abyss:2  | Noticed a death drake
   105 | Abyss:2  | Noticed a tentacled starspawn
   110 | D:1      | Escaped the Abyss
   359 | D:1      | Reached * piety under Lugonu
   419 | D:1      | Gained mutation: Your movements are slightly less
                  | encumbered by armour. (ER -2) [demonic ancestry]
   419 | D:1      | Reached XP level 2. HP: 13/24 MP: 3/3
   959 | D:1      | Reached XP level 3. HP: 26/29 MP: 4/4
  1161 | D:1      | Found a faded altar of an unknown god.
  1417 | D:2      | Noticed Robin
  1424 | D:2      | Reached ** piety under Lugonu
  1430 | D:2      | HP: 1/29 [hobgoblin[Robin] (1)]
  1443 | D:2      | HP: 1/29 [hobgoblin[Robin] (1)]
  1443 | D:2      | Shot with a stone by a goblin

Illustrated notes

Levels and vault maps discovered:
D:1:      dpeg_arrival_erosion, layout_loops_ring, ebering_ecumenical_altar_box
D:2:      layout_basic, basic_altar, uniq_robin

Skill      XL: |  1 |
---------------+----+-----
Long Blades    | 2 |  2.4
Armour         | 2 |  2.4
Fighting       | |  3.5
Dodging        | |  0.9
Invocations    | |  2.4

Action                   || total
-------------------------++-------
Melee: Falchion          ||    74
       Punch             ||     1
Invok: Depart the Abyss  ||     1
       Bend Space        ||     2
  Use: Scroll            ||     4
       Potion            ||     2
 Stab: Sleeping          ||     1
Armor: Leather armour    ||    29
Dodge: Dodged            ||    55
